 Dungeon Crawl Stone Soup version 0.29.0-4-gdea44cf6ec (webtiles) character file.

Game seed: 5954920270772151296

99 qw the Ruffian (level 4, 0/36 HPs)
             Began as a Ghoul Fire Elementalist on Aug 29, 2022.
             Slain by an orc
             ... wielding a +1 falchion of holy wrath
              (6 damage)
             ... on level 3 of the Dungeon.
             The game lasted 00:02:34 (2678 turns).

qw the Ruffian (Ghoul Fire Elementalist)            Turns: 2678, Time: 00:02:35

Health: 0/36       AC:  5    Str: 13    XL:     4   Next: 72%
Magic:  5/5        EV: 10    Int: 10    God:
Gold:   150        SH:  0    Dex:  9    Spells: 5/6 levels left

rFire   . . .      SeeInvis .     - Unarmed
rCold   + . .      Faith    .   (no shield)
rNeg    + + +      Spirit   .   d - +0 ring mail
rPois   inf        Reflect  .   (no helmet)
rElec   .          Harm     .   (no cloak)
rCorr   .          Rampage  .   (no gloves)
Will    .....                   (no boots)
Stlth   +.........              (no amulet)
HPRegen 0.00/turn               (no ring)
MPRegen 0.09/turn               (no ring)

@: inhibited regen
A: claws 1, cold resistance 1, negative energy resistance 3, inhibited
regeneration, torment resistance 2, devour on kill
a: no special abilities


You were on level 3 of the Dungeon.
You visited 1 branch of the dungeon, and saw 3 of its levels.

You collected 150 gold pieces.


Innate Abilities, Weirdness & Mutations

You are immune to poison.
You have sharp fingernails.
Your flesh is cold resistant. (rC+)
You are immune to negative energy. (rN+++)
You do not regenerate when monsters are visible.
You are immune to unholy pain and torment.
You thrive by killing the living.


   Skills:
 - Level 2.0 Fighting
 - Level 1.7 Dodging
 - Level 2.1 Stealth
 + Level 4.0 Unarmed Combat
 - Level 1.7 Spellcasting
 - Level 0.7 Conjurations
 - Level 2.4 Fire Magic


You had 5 spell levels left.
You knew the following spells:

 Your Spells              Type           Power      Damage    Failure   Level
a - Foxfire               Conj/Fire      16%        2x1d4     36%         1

Your spell library contained the following spells:

 Spells                   Type           Power      Damage    Failure   Level
 Scorch                   Fire           10%        2d6       36%         2
 Conjure Flame            Conj/Fire      4%         6-21      73%         3
 Inner Flame              Hex/Fire       3%         N/A       78%         3
 Flame Wave               Conj/Fire      4%         2d5       98%         4

Inventory:

Missiles
 c - 4 boomerangs (quivered)
Armour
 a - a +0 scale mail
 d - a +0 ring mail (worn)
Jewellery
 i - an amulet of the acrobat
Scrolls
 b - a scroll of amnesia {unknown}
 g - a scroll of identify
Potions
 e - a potion of attraction {unknown}
 f - a potion of might {unknown}
 h - a potion of lignification {unknown}

Dungeon Overview and Level Annotations

Branches:
Dungeon (3/15)

Altars:


Message History

The adder is moderately wounded.
The adder bites you but does no damage.
You closely miss the adder. Your claw misses the adder.
The adder is moderately wounded.
The adder closely misses you.
You scratch the adder.
The adder is almost dead.
The adder bites you. The adder barely misses you.
The orc hits you with a +1 falchion of holy wrath!
You convulse.
You closely miss the adder.
The adder is almost dead.
The adder bites you but does no damage.
You closely miss the adder.
The adder is almost dead.
The orc barely misses you. The adder barely misses you.
You scratch the adder.
You kill the adder!
The orc hits you but does no damage.
Your Fighting skill increases to level 2!
You scratch the orc but do no damage. The orc barely misses you.
You scratch the orc.
The orc is moderately wounded.
The orc hits you but does no damage.
You closely miss the orc.
The orc is moderately wounded.
The orc barely misses you.
You completely miss the orc.
The orc is moderately wounded.
The orc hits you with a +1 falchion of holy wrath.
You convulse.
You closely miss the orc.
The orc is moderately wounded.
The orc hits you with a +1 falchion of holy wrath.
You convulse.
You scratch the orc but do no damage.
The orc is moderately wounded.
The orc hits you with a +1 falchion of holy wrath.
You die...

# ..........# # ..........#
##### ..........# ## ##...#
..........#..# ##.....
..........#..## #......
............# #......
#.o%...# #...... #.#@.####
##..... #.......# ##%)...
#..#....# #.....<
###..#....#.# #)%....
...#.#.........#.# #......
#....#....#....#.####......
##........##..##....##.....#
#.......#..#...##....##....#>
#..........#.:###.....<...>..


You could see an orc.

Vanquished Creatures
  2 adders
  A worm (D:2)
  2 dart slugs (D:2)
  4 orcs
  8 ball pythons
  7 bats
  3 endoplasms
  4 giant cockroaches
  3 goblins
  5 hobgoblins
  4 jackals
  7 quokkas
  4 frilled lizards
  3 kobolds
  7 rats
64 creatures vanquished.

Notes
Turn   | Place    | Note
-------+----------+-------------------------------------------
     0 | D:1      | qw the Ghoul Fire Elementalist began the quest for the Orb.
     0 | D:1      | Reached XP level 1. HP: 14/14 MP: 2/2
     0 | D:1      | 0 ||| qw: Version: 0.1-a-90-g952f4b7
     0 | D:1      | 0 ||| qw: Game counter: 4005
     0 | D:1      | 0 ||| qw: Always use a shield: true
     0 | D:1      | 0 ||| qw: God list: Okawaru
     0 | D:1      | 0 ||| qw: Allow faded altars: false
     0 | D:1      | 0 ||| qw: Do Orc after D:15 true
     0 | D:1      | 0 ||| qw: Do second Lair branch before Depths: true
     0 | D:1      | 0 ||| qw: Lair rune preference: random
     0 | D:1      | 0 ||| qw: Plans: Normal
     0 | D:1      | 0 ||| PLANNING D:1-11
   157 | D:1      | Reached skill level 1 in Unarmed Combat
   238 | D:1      | Reached skill level 1 in Fighting
   238 | D:1      | Reached XP level 2. HP: 13/23 MP: 3/3
   799 | D:1      | Reached skill level 2 in Unarmed Combat
  1073 | D:1      | 1073 ||| UPGRADING to +0 leather armour.
  1083 | D:1      | 1083 ||| DROPPING +0 robe.
  1084 | D:1      | 1084 ||| DROPPING amulet of faith.
  1085 | D:1      | 1085 ||| READING scroll labelled VUAGIHOAGA.
  1086 | D:1      | 1086 ||| READING scroll labelled GOCYUNLI AGOAMOAKK.
  1091 | D:1      | 1091 ||| READING scroll labelled ZAN ECIYMEUXT.
  1092 | D:1      | 1092 ||| DROPPING potion of magic.
  1105 | D:2      | 1105 ||| Stepping ~*~*~tactically~*~*~ (stealth).
  1107 | D:2      | 1107 ||| Stepping ~*~*~tactically~*~*~ (stealth).
  1109 | D:2      | 1109 ||| STAIRDANCE
  1115 | D:2      | 1115 ||| STAIRDANCE
  1120 | D:1      | Reached XP level 3. HP: 20/28 MP: 4/4
  1230 | D:2      | 1230 ||| FLEEEEING.
  1231 | D:2      | 1231 ||| STAIRDANCE
  1406 | D:2      | 1406 ||| Stepping ~*~*~tactically~*~*~ (stealth).
  1438 | D:2      | 1438 ||| FLEEEEING.
  1439 | D:2      | 1439 ||| STAIRDANCE
  1635 | D:2      | Reached skill level 3 in Unarmed Combat
  1693 | D:2      | 1693 ||| Stepping ~*~*~tactically~*~*~ (stealth).
  1878 | D:2      | Reached XP level 4. HP: 30/35 MP: 5/5
  2122 | D:2      | 2122 ||| UPGRADING to +0 ring mail.
  2132 | D:2      | 2132 ||| DROPPING +0 leather armour.
  2133 | D:2      | 2133 ||| DROPPING ring of wizardry.
  2134 | D:2      | 2134 ||| READING scroll labelled IWAIPE OFECHIT.
  2135 | D:2      | 2135 ||| READING scroll labelled IBETISIMEY.
  2136 | D:2      | 2136 ||| READING scroll labelled ZOTITS MUTOIJA.
  2137 | D:2      | 2137 ||| READING scroll labelled YSUROUMESH.
  2158 | D:3      | 2158 ||| STAIRDANCE
  2199 | D:3      | 2199 ||| Stepping ~*~*~tactically~*~*~ (outnumbered).
  2200 | D:3      | 2200 ||| Stepping ~*~*~tactically~*~*~ (outnumbered).
  2201 | D:3      | 2201 ||| Stepping ~*~*~tactically~*~*~ (outnumbered).
  2202 | D:3      | 2202 ||| Stepping ~*~*~tactically~*~*~ (outnumbered).
  2203 | D:3      | 2203 ||| Stepping ~*~*~tactically~*~*~ (outnumbered).
  2204 | D:3      | 2204 ||| Stepping ~*~*~tactically~*~*~ (outnumbered).
  2206 | D:3      | 2206 ||| Stepping ~*~*~tactically~*~*~ (outnumbered).
  2207 | D:3      | 2207 ||| Stepping ~*~*~tactically~*~*~ (outnumbered).
  2208 | D:3      | 2208 ||| Stepping ~*~*~tactically~*~*~ (outnumbered).
  2209 | D:3      | 2209 ||| Stepping ~*~*~tactically~*~*~ (outnumbered).
  2506 | D:3      | Reached skill level 4 in Unarmed Combat
  2594 | D:3      | Found a faded altar of an unknown god.
  2677 | D:3      | HP: 9/36 [orc/+1 falchion of holy wrath (3)]
  2678 | D:3      | Slain by an orc

Levels and vault maps discovered:
D:1:      nzn_arrival_water_spiral, layout_rooms,
          amcnicky_mini_corridor_feature, serial_bayou_pond_e,
          chequers_serial_rivers_small_a, chequers_serial_rivers_marsh
D:2:      layout_rooms
D:3:      layout_rooms, nicolae_overflow_ecumenical_swirl,
          small_statue_intersection, dk_noncrumbling_4

Skill      XL: |  1  2  3  4 |
---------------+-------------+-----
Unarmed Combat | 1 2 3 4 |  4.0
Fighting       | 1 2 |  2.0
Dodging        | |  1.7
Stealth        | |  2.1
Spellcasting   | |  1.7
Conjurations   | |  0.7
Fire Magic     | |  2.4

Action                   |  1- 3 |  4- 6 || total
-------------------------+-------+-------++-------
Melee: Unarmed           |   162 |    78 ||   240
       Punch             |     2 |       ||     2
Throw: Boomerang         |    16 |    25 ||    41
  Use: Scroll            |     3 |     4 ||     7
Armor: Robe              |    28 |       ||    28
       Leather armour    |    15 |     2 ||    17
       Ring mail         |       |    35 ||    35
Dodge: Dodged            |   106 |    52 ||   158

Table legend:
 A = Non-vault XP
 B = Vault XP
 C = Vault XP percentage of total XP
 D = Non-vault monster count
 E = Vault monster count
 F = Vault count percentage of total count
                 A         B        C        D         E       F
            +---------+---------+-------+---------+---------+-------
      Total |     142 |       0 |   0.0 |      64 |       0 |   0.0
            +---------+---------+-------+---------+---------+-------
        D:1 |      35 |       0 |   0.0 |      22 |       0 |   0.0
        D:2 |      61 |       0 |   0.0 |      22 |       0 |   0.0
        D:3 |      46 |       0 |   0.0 |      20 |       0 |   0.0
            +---------+---------+-------+---------+---------+-------
